 Dungeon Crawl Stone Soup version 0.25.0-46-gbd7b0854d2 (webtiles) character file.

Game seed: 2245924723906622901

11625 Ethylacetat the Basher (level 11, -12/92 HPs)
             Began as a Demonspawn Gladiator on July 16, 2020.
             Was an Elder of Okawaru.
             Mangled by a seven-headed hydra (13 damage)
             ... on level 2 of the Lair of Beasts.
             The game lasted 00:21:08 (10289 turns).

Ethylacetat the Basher (Demonspawn Gladiator)      Turns: 10289, Time: 00:21:09

Health: -12/92     AC: 10    Str: 17    XL:     11   Next: 51%
Magic:  0/13       EV: 18    Int: 10    God:    Okawaru [****..]
Gold:   519        SH:  0    Dex: 15    Spells: 10/10 levels left

rFire    . . .     SeeInvis .   E - +7 great mace "Undeadhunter" {disrupt, rN+}
rCold    . . .     Gourm    .   (shield currently unavailable)
rNeg     + . .     Faith    .   b - +0 leather armour
rPois    +         Spirit   +   (helmet restricted)
rElec    .         Reflect  .   H - +2 cloak {rCorr}
rCorr    +         Harm     .   (no gloves)
MR       .....                  (no boots)
Stlth    +.........             y - amulet of the acrobat
HPRegen  0.25/turn              h - +4 ring of evasion
MPRegen  0.26/turn              J - +4 ring of slaying

@: mighty
A: antennae 1, slimy green scales 3, powered by pain 1, magic shield, magic
regeneration
a: Heroism, Renounce Religion


You were on level 2 of the Lair of Beasts.
You worshipped Okawaru.
Okawaru was greatly pleased with you.
You were hungry.

You visited 3 branches of the dungeon, and saw 11 of its levels.

You collected 519 gold pieces.

Inventory:

Hand Weapons
 E - the +7 great mace "Undeadhunter" (weapon) {disrupt, rN+}
   (You found it on level 5 of the Dungeon)

   It protects you from negative energy.
Missiles
 d - 3 throwing nets (quivered)
Armour
 b - a +0 leather armour (worn)
 H - a +2 cloak of preservation (worn)
Jewellery
 h - a +4 ring of evasion (left hand)
 y - an amulet of the acrobat (around neck)
 J - a +4 ring of slaying (right hand)
Wands
 a - a wand of disintegration (7)
 v - a wand of polymorph (20)
 F - a wand of random effects (9)
Scrolls
 e - 3 scrolls of remove curse {unknown}
 g - 5 scrolls of identify
 j - 3 scrolls of magic mapping {unknown}
 l - 4 scrolls of fog {unknown}
 m - 8 scrolls of teleportation
 n - a scroll of vulnerability {unknown}
 p - 2 scrolls of fear {unknown}
 q - a scroll of amnesia {unknown}
 t - 3 scrolls of enchant armour {unknown}
 u - a scroll of enchant weapon {unknown}
 x - 2 scrolls of blinking {unknown}
 G - 4 scrolls of immolation {unknown}
Potions
 c - a potion of might {unknown}
 i - 2 potions of heal wounds {unknown}
 k - 3 potions of curing
 o - 2 potions of berserk rage {unknown}
 r - 2 potions of ambrosia
 s - a potion of invisibility {unknown}
 w - 2 potions of brilliance {unknown}
 z - a potion of haste {unknown}
 B - a potion of lignification {unknown}
 D - a potion of cancellation
Comestibles
 f - 16 rations
 A - 11 chunks of flesh


   Skills:
 + Level 10.4 Fighting
 * Level 11.5 Maces & Flails
   Level 6.7 Polearms
 - Level 1.7 Throwing
 - Level 4.9 Dodging
 + Level 3.4 Invocations


You had 10 spell levels left.
You didn't know any spells.
Your spell library was empty.

Dungeon Overview and Level Annotations

Branches:
Dungeon (8/15)             Temple (1/1) D:4            Lair (2/6) D:8
  Swamp: Lair:2-4    Shoals: Lair:2-4     Snake: Lair:2-4    Spider: Lair:2-4

Altars:
Gozag
Hepliaklqana
Kikubaaqudgha
Okawaru
Qazlal
Ru
Yredelemnul

Shops:
D:6 !*   D:7 *


Innate Abilities, Weirdness & Mutations

You have a pair of small antennae on your head.
You are completely covered in slimy green scales. (AC +4, rPois)
You sometimes gain a little power by taking damage.
When hurt, damage is shared between your health and your magic reserves.
You regenerate magic rapidly.


Message History

Something bites you.
Something bites you! x2; You focus on the pain.
You feel very mighty all of a sudden.
Something bites you but does no damage. x2; Something closely misses you.
You closely miss something. Something bites you. Something bites you!
Something bites you. x2
* * * LOW HITPOINT WARNING * * *
Something bites you.
* * * LOW HITPOINT WARNING * * *
Something bites you but does no damage. Something bites you.
* * * LOW HITPOINT WARNING * * *
You bludgeon something!! Something barely misses you. Something misses you.
Something bites you!
* * * LOW HITPOINT WARNING * * *
Something barely misses you. Something bites you!
* * * LOW HITPOINT WARNING * * *
Something barely misses you. Something bites you but does no damage.
You bludgeon something!! Something bites you.
* * * LOW HITPOINT WARNING * * *
Something bites you!
You die...

#....÷÷##....#........
#......##...##.....#
###.#.##P....#÷....## .
##..#####...##......# ..
......S.....##..#####...
............##..P#.#P...
.............†.........
##.#P##.#.P.÷#.{#..##.
###############@### ###


There were no monsters in sight!

Vanquished Creatures
  The ghost of Ethylacetat the Arsonist, a novice OpFE of Sif Muna (D:6)
  5 elephants (Lair:1)
  A black mamba (Lair:1)
  2 spiny frogs
  Joseph (D:7)
  2 komodo dragons (Lair:1)
  2 wyverns (Lair:1)
  19 yaks
  Grum (D:8)
  A basilisk (D:8)
  Menkaure (D:7)
  4 water moccasins
  4 porcupines
  An orc warrior (D:7)
  A sky beast (D:8)
  3 ice beasts
  A black bear (D:5)
  2 ogres
  5 wolves
  4 crocodiles
  8 big kobolds (D:6)
  A centaur (D:6)
  7 bullfrogs
  A scorpion (D:8)
  4 wights (D:8)
  A howler monkey (D:5)
  2 crimson imps (D:6)
  4 hounds
  A jelly (D:5)
  Crazy Yiuf (D:7)
  A centaur skeleton (D:7)
  2 orc priests
  A bullfrog skeleton (D:7)
  3 iguanas
  3 orc wizards
  3 worker ants
  A hound zombie (D:8)
  8 adders
  A howler monkey skeleton (D:6)
  3 worms
  7 leopard geckos
  12 orcs
  5 bats
  7 giant cockroaches
  6 goblins
  6 hobgoblins
  7 quokkas
  2 ball pythons (D:3)
  16 frilled lizards
  3 kobolds
  A quokka skeleton (D:5)
  A quokka zombie (D:6)
  7 rats
197 creatures vanquished.

Vanquished Creatures (others)
  2 fungi
  4 plants
6 creatures vanquished.

Grand Total: 203 creatures vanquished

Notes
Turn   | Place    | Note
-------+----------+-------------------------------------------
     0 | D:1      | Ethylacetat the Demonspawn Gladiator began the quest for
                  | the Orb.
     0 | D:1      | Reached XP level 1. HP: 16/16 MP: 1/1
   465 | D:1      | Gained mutation: You are partially covered in slimy green
                  | scales. (AC +2) [demonic ancestry]
   465 | D:1      | Reached XP level 2. HP: 3/22 MP: 2/2
  1429 | D:2      | Gained mutation: You have a pair of small antennae on your
                  | head. [demonic ancestry]
  1429 | D:2      | Reached XP level 3. HP: 20/28 MP: 3/3
  2015 | D:2      | Found a sacrificial altar of Ru.
  2048 | D:3      | Reached XP level 4. HP: 34/34 MP: 4/4
  3074 | D:4      | Noticed an ogre
  3085 | D:4      | Killed an ogre
  3085 | D:4      | Reached skill level 5 in Polearms
  3085 | D:4      | Gained mutation: When hurt, damage is shared between your
                  | health and your magic reserves. [demonic ancestry]
  3085 | D:4      | Reached XP level 5. HP: 42/42 MP: 5/5
  3090 | D:4      | Found a staircase to the Ecumenical Temple.
  3265 | D:4      | Found a stormy altar of Qazlal.
  3434 | D:4      | Gained mutation: You are mostly covered in slimy green
                  | scales. (AC +3) [demonic ancestry]
  3434 | D:4      | Reached XP level 6. HP: 47/48 MP: 6/6
  3467 | D:5      | Entered Level 5 of the Dungeon
  3509 | D:5      | Noticed an ice beast
  3531 | D:5      | Killed an ice beast
  3856 | D:5      | Reached XP level 7. HP: 16/55 MP: 2/7
  4370 | D:5      | Reached skill level 5 in Fighting
  4552 | D:5      | Found the +7 great mace "Undeadhunter" {disrupt, rN+}
  4808 | D:6      | Reached skill level 1 in Maces & Flails
  4961 | D:6      | Found Sulij's Assorted Antiques.
  4979 | D:6      | Found Ofoegona's Distillery.
  4988 | D:6      | Reached skill level 2 in Maces & Flails
  5080 | D:6      | Found a hazy altar of Hepliaklqana.
  5085 | D:6      | Gained mutation: You are completely covered in slimy green
                  | scales. (AC +4, rPois) [demonic ancestry]
  5085 | D:6      | Reached XP level 8. HP: 51/63 MP: 6/8
  5143 | D:6      | Found a basalt altar of Yredelemnul.
  5164 | D:6      | Reached skill level 3 in Maces & Flails
  5401 | D:6      | Found a runed translucent gate.
  5402 | D:6      | Found a runed translucent gate.
  5402 | D:6      | Identified the cursed +0 dagger of Qafun {chaos, *Corrode
                  | rPois rN+++ Str+3}
  5403 | D:6      | Found a runed translucent gate.
  5403 | D:6      | Noticed Ethylacetat's ghost (novice OpFE)
  5414 | D:6      | Found an ancient bone altar of Kikubaaqudgha.
  5627 | D:6      | Reached skill level 4 in Maces & Flails
  5631 | D:6      | Killed Ethylacetat's ghost
  5631 | D:6      | Reached skill level 5 in Maces & Flails
  5648 | D:6      | Reached skill level 6 in Maces & Flails
  5648 | D:6      | Reached XP level 9. HP: 47/72 MP: 9/9
  6037 | D:7      | Noticed Menkaure
  6042 | D:7      | Killed Menkaure
  6042 | D:7      | Reached skill level 7 in Maces & Flails
  6051 | D:7      | Found an opulent altar of Gozag.
  6055 | D:7      | Found Gozag's Platinum Reserve.
  6345 | D:7      | Found a runed translucent door.
  6346 | D:7      | Noticed Crazy Yiuf
  6503 | D:7      | Noticed Joseph
  6517 | D:7      | Killed Joseph
  6945 | D:7      | Killed Crazy Yiuf
  7075 | D:8      | Reached skill level 8 in Maces & Flails
  7096 | D:8      | Gained mutation: You regenerate magic rapidly. [demonic
                  | ancestry]
  7096 | D:8      | Reached XP level 10. HP: 60/82 MP: 6/10
  7124 | D:8      | Reached skill level 9 in Maces & Flails
  7169 | D:8      | Found a staircase to the Lair.
  7174 | D:8      | Noticed Grum
  7495 | D:8      | Killed Grum
  8265 | Temple   | Entered the Ecumenical Temple
  8289 | Temple   | Became a worshipper of Warmaster Okawaru
  8401 | Lair:1   | Entered Level 1 of the Lair of Beasts
  8403 | Lair:1   | Noticed a spiny frog
  8436 | D:8      | Killed a spiny frog
  8460 | Lair:1   | Reached skill level 10 in Maces & Flails
  8472 | Lair:1   | Reached * piety under Okawaru
  8482 | Lair:1   | HP: 2/83 [komodo dragon (13)]
  8905 | Lair:1   | Noticed a black mamba
  8911 | Lair:1   | Killed a black mamba
  8911 | Lair:1   | Reached ** piety under Okawaru
  9057 | Lair:1   | Noticed an elephant
  9057 | Lair:1   | Noticed an elephant
  9057 | Lair:1   | Noticed an elephant
  9057 | Lair:1   | Noticed an elephant
  9058 | Lair:1   | Noticed an elephant
  9073 | Lair:1   | Killed an elephant
  9073 | Lair:1   | Gained mutation: You sometimes gain a little power by
                  | taking damage. [demonic ancestry]
  9073 | Lair:1   | Reached XP level 11. HP: 54/90 MP: 8/11
  9090 | Lair:1   | Reached skill level 10 in Fighting
  9096 | Lair:1   | Reached *** piety under Okawaru
  9375 | Lair:1   | Reached skill level 11 in Maces & Flails
  9646 | Lair:1   | Reached skill level 1 in Invocations
 10008 | Lair:2   | Reached **** piety under Okawaru
 10276 | Lair:2   | Noticed a seven-headed hydra
 10288 | Lair:2   | HP: 3/92 [something (9)]
 10289 | Lair:2   | HP: 1/92 [something (2)]
 10289 | Lair:2   | Mangled by a seven-headed hydra

Illustrated notes

Levels and vault maps discovered:
D:1:      scummos_arrival_simple_crosswalls, layout_basic,
          minmay_strange_pillars
D:2:      layout_rooms, nicolae_ru_path_of_blood, grunt_ministairs_10
D:3:      layout_basic, first_ration, minmay_lizard_king
D:4:      layout_basic, kennysheep_mini_moat, minmay_temple_entry_butterflies
D:5:      layout_loops_ring, dk_vineyard_1, minmay_small_thing
D:6:      layout_cave_pools, grunt_temple_overflow_open, serial_shops, shop,
          nicolae_shop_window_shopping, gammafunk_ghost_nasty_kobolds
D:7:      layout_basic, nicolae_gozag_zags_fifth_avenue, uniq_menkaure,
          uniq_crazy_yiuf_cottage, uniq_joseph
D:8:      layout_cave_pods, minmay_lair_entry_grove, uniq_grum
Temple:   regret_index_temple_generic_petals
Lair:1:   layout_regular_city, grunt_megastairs_2
Lair:2:   gammafunk_cloud_chamber, layout_regular_city

Skill      XL: |  1  2  3  4  5  6  7  8  9 10 11 |
---------------+----------------------------------+-----
Polearms       | 3 4 5 6 |  6.7
Fighting       | 3 4 5 7 8 9 10 | 10.4
Maces & Flails | 2 6 8 10 11 | 11.5
Dodging        | 4 |  4.9
Invocations    | 3 |  3.4
Throwing       | |  1.7

Action                   |  1- 3 |  4- 6 |  7- 9 | 10-12 || total
-------------------------+-------+-------+-------+-------++-------
Melee: Trident           |   137 |   293 |    45 |       ||   475
       Great mace        |       |       |   164 |   195 ||   359
Evoke: Wand              |       |       |       |    11 ||    11
  Use: Scroll            |       |       |     4 |       ||     4
       Potion            |       |       |       |     2 ||     2
 Stab: Sleeping          |     4 |     2 |       |       ||     6
  Eat: Chunk             |     4 |     6 |     9 |     8 ||    27
       Ration            |       |       |       |     1 ||     1
Armor: Leather armour    |    45 |    42 |    42 |    46 ||   175
Dodge: Dodged            |   100 |   222 |   198 |   235 ||   755
